AoeStats
← 刘宇航

Arabia

510346108Analyzed
3v3 RM · 20h ago on Sep 30, 2026· 55m 11s· 6 players
Game mode
Random Map
Map size
Normal (6 player)
Population
200
Speed
Normal
Resources
Standard
Victory
Conquest
Starting age
Dark Age
Ending age
Imperial Age
RankedLock teamsTeams togetherTeam positionsShared explorationLock speedFull tech treeHidden civsTurbo modeCheats
Victory
Defeat
🇺🇦 Poles · Ukraine
640
+16
🇩🇪 Slavs · Germany
628
+17
🇰🇿 Persians · Kazakhstan
481
+22
🇨🇳 Franks · China
672
-20
🇨🇳 Huns · China
653
-19
🇨🇳 Goths · China
584
-16
Pretoreproperdon
0:57 Loom
7:53 Loom
13:44 Feudal Age
14:56 Wheelbarrow
14:23 Double-Bit Axe
14:31 Gold Mining
14:33 Stone Mining
17:17 Horse Collar
19:45 Town Watch
23:47 Castle Age
23:49 Fletching
25:52 Bow Saw
26:21 Stone Shaft Mining
26:18 Heavy Plow
26:33 Husbandry
26:46 Kamandaran
26:54 Crossbowman
29:16 Hand Cart
30:34 Gold Shaft Mining
30:45 Thumb Ring
31:18 Caravan
33:01 Bodkin Arrow
34:25 Ballistics
34:17 Masonry
36:19 Town Patrol
37:08 Bloodlines
46:38 Imperial Age
44:32 Murder Holes
45:13 Padded Archer Armor
50:07 Chemistry
50:22 Two-Man Saw
biolk
0:43 Loom
12:09 Feudal Age
12:24 Man-at-Arms
18:24 Scale Mail Armor
24:30 Castle Age
24:30 Forging
24:06 Horse Collar
24:13 Double-Bit Axe
24:21 Gold Mining
24:53 Pikeman
32:18 Wheelbarrow
31:58 Heavy Plow
32:10 Bow Saw
35:12 Chain Mail Armor
36:51 Iron Casting
35:42 Long Swordsman
43:00 Ballistics
42:50 Caravan
46:13 Imperial Age
46:07 Hand Cart
45:38 Town Watch
45:56 Squires
46:41 Masonry
46:41 Scale Barding Armor
47:54 Halberdier
47:56 Two-Handed Swordsman
49:12 Plate Mail Armor
49:43 Blast Furnace
50:40 Chemistry
50:37 Chain Barding Armor
51:11 Champion
53:16 Detinets
54:42 Crop Rotation
bentkovskoy
5:16 Loom
11:00 Feudal Age
15:47 Town Watch
16:09 Double-Bit Axe
20:28 Scale Barding Armor
22:20 Gold Mining
27:28 Castle Age
27:26 Forging
28:16 Wheelbarrow
29:42 Bow Saw
30:29 Town Patrol
30:56 Horse Collar
31:50 Chain Barding Armor
32:06 Iron Casting
32:49 Stone Mining
34:00 Hand Cart
34:50 Husbandry
35:05 Bloodlines
41:24 Imperial Age
43:00 Heavy Plow
45:26 Szlachta Privileges
44:48 Cavalier
45:46 Elite Obuch
54:03 Crop Rotation
刘宇航
12:39 Feudal Age
18:18 Castle Age
17:07 Horse Collar
17:56 Double-Bit Axe
22:25 Husbandry
22:36 Bloodlines
22:42 Forging
24:41 Iron Casting
25:32 Bow Saw
26:55 Scale Barding Armor
28:54 Scale Mail Armor
29:17 Loom
29:55 Chain Mail Armor
30:00 Chain Barding Armor
39:41 Imperial Age
37:15 Anarchy
36:47 Pikeman
37:28 Squires
39:47 Cavalier
44:04 Gold Mining
44:05 Stone Mining
44:45 Conscription
47:03 Blast Furnace
911625239
13:13 Feudal Age
13:43 Double-Bit Axe
19:03 Scale Barding Armor
19:11 Forging
27:57 Gold Mining
40:30 Castle Age
1765391552
1:49 Loom
13:29 Feudal Age
17:34 Castle Age
33:19 Husbandry
38:25 Squires
37:46 Pikeman
38:12 Arson
43:34 Imperial Age
41:41 Wheelbarrow
40:51 Town Watch
46:07 Cavalier
46:11 Elite Skirmisher
Connection lost

Rejoining the realm…

Still unreachable

The connection could not be restored.

Session expired

The server has moved on; the page needs a fresh start.